 Dungeon Crawl Stone Soup version 0.29-a0-284-gf9362112df (webtiles) character file.

Game seed: 5185876163978546023

2524 spaghetti the Carver (level 9, -4/63 HPs)
             Began as a Demonspawn Berserker on Mar 30, 2022.
             Was a Priest of Trog.
             Slain by a troll (12 damage)
             ... on level 7 of the Dungeon.
             The game lasted 00:10:15 (6676 turns).

spaghetti the Carver (Demonspawn Berserker)         Turns: 6676, Time: 00:10:16

Health: -4/63      AC:  8    Str: 22    XL:     9   Next: 29%
Magic:  0/9        EV: 16    Int:  8    God:    Trog [***...]
Gold:   330        SH:  0    Dex: 23    Spells: 8/8 levels left

rFire   . . .      SeeInvis +   I - +0 short sword (vamp) {short}
rCold   . . .      Faith    .   (no shield)
rNeg    + . .      Spirit   +   H - +2 robe {Archmagi}
rPois   .          Reflect  .   (no helmet)
rElec   .          Harm     .   e - scarf {shadows}
rCorr   .          Rampage  .   G - +2 pair of gloves of Fun and Games {rN+}
Will    ++...      Archmagi +   q - +0 pair of boots
Stlth   ++........              k - amulet of guardian spirit
HPRegen 1.20/turn               y - +4 ring of evasion
MPRegen 0.11/turn               D - ring "Bicheg" {Str+4 Dex+6 SInv}

@: brilliant, strong-willed, on berserk cooldown, regenerating, hasted, very
quick
A: powered by death 3, demonic touch 1
a: Renounce Religion, Berserk, Trog's Hand


You were on level 7 of the Dungeon.
You worshipped Trog.
Trog was most pleased with you.
You visited 1 branch of the dungeon, and saw 7 of its levels.

You collected 330 gold pieces.


Innate Abilities, Weirdness & Mutations

You regenerate a lot of health from kills.
Your touch may inflict minor irresistible damage on your foes.


   Skills:
 - Level 3.0 Fighting
 * Level 8.9 Long Blades
 - Level 5.0 Throwing
 - Level 1.7 Armour
 - Level 1.7 Dodging
 + Level 6.3 Evocations


You had 8 spell levels left.
You didn't know any spells.
Your spell library contained the following spells:

 Spells                   Type           Power      Damage    Failure   Level
 Magic Dart               Conj           0%         1d3       41%         1
 Blink                    Tloc           0%         N/A       54%         2
 Call Imp                 Summ           0%         N/A       54%         2
 Mephitic Cloud           Conj/Pois/Air  0%         N/A       78%         3
 Manifold Assault         Tloc           0%         N/A       100%        5
 Storm Form               Tmut/Air       0%         N/A       100%        7

Inventory:

Hand Weapons
 a - a +0 falchion {long}
 r - the +1 short sword "Kaixkai" {vorpal, rPois rC+ Int-3 Dex+5, short}
   (You found it on level 3 of the Dungeon)

   It inflicts extra damage upon your enemies.
   Int:       It affects your intelligence (-3).
   Dex:       It affects your dexterity (+5).
   rC:        It protects you from cold.
   rPois:     It protects you from poison.
 I - a +0 vampiric short sword (weapon) {short}
   (You found it on level 7 of the Dungeon)
Missiles
 c - 176 stones (quivered) {throwing}
 d - 2 silver boomerangs {throwing}
 g - 5 javelins {throwing}
 j - 8 poisoned darts {throwing}
 v - a throwing net {=f!fthrowing}
 C - a curare-tipped dart {=fthrowing}
Armour
 b - a +0 animal skin
 e - a scarf of shadows (worn)
   (You found it on level 3 of the Dungeon)
 q - a +0 pair of boots (worn)
   (You found it on level 2 of the Dungeon)
 G - the +2 pair of gloves of Fun and Games (worn) {rN+}
   (You found it on level 5 of the Dungeon)

   rN:        It protects you from negative energy.
 H - a +2 robe of the Archmagi (worn)
   (You took it off Pikel on level 5 of the Dungeon)
Magical Staves
 B - a staff of cold {forbidden!astaff}
   (You found it on level 4 of the Dungeon)
Jewellery
 k - an amulet of guardian spirit (around neck)
   (You found it on level 1 of the Dungeon)
 y - a +4 ring of evasion (left hand)
   (You found it on level 4 of the Dungeon)
 z - a ring of protection from cold
   (You found it on level 4 of the Dungeon)
 D - the ring "Bicheg" (right hand) {Str+4 Dex+6 SInv}
   (You found it on level 4 of the Dungeon)

   [ring of dexterity]

   Str:       It affects your strength (+4).
   Dex:       It affects your dexterity (+6).
   SInv:      It lets you see invisible.
 F - an amulet of reflection
   (You found it on level 5 of the Dungeon)
Wands
 w - a wand of polymorph (3)
   (You took it off an orc on level 4 of the Dungeon)
Scrolls
 h - 3 scrolls of teleportation {@r4}
 i - 2 scrolls of brand weapon
 l - a scroll of vulnerability {!r!r}
 m - 2 scrolls of amnesia {unknown}
 n - 4 scrolls of immolation {!r!r}
 t - 2 scrolls of identify {@r1}
 A - a scroll of magic mapping {unknown}
 E - a scroll of enchant armour {unknown}
Potions
 f - 3 potions of cancellation
 o - a potion of curing {@q1}
 x - 2 potions of heal wounds {unknown}

Dungeon Overview and Level Annotations

Branches:
Dungeon (7/15)             Temple (0/1) D:7

Altars:
Trog
Uskayaw

Shops:
D:6

: ## #. #. #.
## ... #. #
#### .. #.
#.#@.## .. #.
#.#.T.##.# ##
#.##.D.#.# #.
#..##[s#.#+ #.
##...###z..###.
#.
#.......n8.....
##
#....###...###.
# ####...##
+#.#'. #
#.....## .#.. #


You could see a troll, a steam dragon, a necrophage, a scorpion and a wight.


Message History

The troll misses you. The troll claws you.
The troll closely misses you. 😮 HP[-1]
You take 1 damage, and now have 47/63 hp.
You hit the troll.
You feel better. The troll barely misses you. The troll claws you!
The troll claws you. 😮 HP[-11] MP[-1]
You take 11 damage, and now have 36/63 hp.
You lost 1 mp, and now have 1/9 mp.
You hit the troll.
You feel better.
You touch the troll.
The troll misses you. The troll completely misses you.
The troll barely misses you. 😮 HP[+3]
You regained 3 hp, and now have 39/63 hp.
You hit the troll.
You feel better. The troll bites you but does no damage.
The troll claws you but does no damage. The troll claws you!
The troll barely misses you. x2; The troll closely misses you. 😮 HP[-1] MP[-1]
You take 1 damage, and now have 38/63 hp.
You lost 1 mp, and now have 0/9 mp.
You hit the troll but do no damage.
You touch the troll.
The troll bites you. The troll closely misses you.
The troll barely misses you. 😮 HP[-3]
You take 3 damage, and now have 35/63 hp.
You hit the troll but do no damage.
Your skin stops crawling.
You feel less strong-willed. The troll completely misses you.
The troll barely misses you. The troll misses you. 😮 HP[+1]
Your skin crawls.
You feel strong-willed. The troll closely misses you.
The troll claws you but does no damage.
The troll closely misses you. 😮 HP[+2] MP[+1]
You regained 2 hp, and now have 38/63 hp.
You hit the troll but do no damage.
You touch the troll.
The troll closely misses you. The troll claws you. x2
* * * LOW HITPOINT WARNING * * *
The troll misses you. The troll barely misses you.
The troll closely misses you. 😨 HP[-7]
You take 7 damage, and now have 31/63 hp.
You hit the troll.
You feel better.
You touch the troll.
The troll closely misses you. The troll claws you.
* * * LOW HITPOINT WARNING * * *
The troll barely misses you. 😨 HP[-2]
You take 2 damage, and now have 29/63 hp.
You hit the troll. The troll bites you!
* * * LOW HITPOINT WARNING * * *
The troll barely misses you. The troll misses you. 😨 HP[-7]
You take 7 damage, and now have 22/63 hp.
You barely miss the troll.
You touch the troll.
Your punch misses the troll. The troll bites you.
* * * LOW HITPOINT WARNING * * *
The troll claws you but does no damage. The troll closely misses you.
The troll bites you!
* * * LOW HITPOINT WARNING * * *
The troll closely misses you. The troll claws you.
* * * LOW HITPOINT WARNING * * *
😱 HP[-16]
You take 16 damage, and now have 6/63 hp.
MASSIVE DAMAGE!! (PAUSE)
Okay, then.
It was a potion of cancellation.
Your magical effects are unravelling.
You feel magically purged.
You feel yourself speed up.
A necrophage comes into view.
The troll completely misses you. The troll claws you!
* * * LOW HITPOINT WARNING * * *
The troll closely misses you. 😱 HP[-4] MP[-1]
You take 4 damage, and now have 2/63 hp.
You lost 1 mp, and now have 0/9 mp.
It was a potion of curing.
You feel better. The troll bites you!
* * * LOW HITPOINT WARNING * * *
The troll barely misses you. The troll misses you. 😱 HP[+4]
You regained 4 hp, and now have 6/63 hp.
Okay, then.
It was a potion of haste.
You feel yourself speed up.
The sky beast flickers out of sight for a moment.
The troll barely misses you. The troll claws you but does no damage.
The troll claws you.
* * * LOW HITPOINT WARNING * * *
😱 HP[-1] MP[+1]
You take 1 damage, and now have 5/63 hp.
Okay, then.
Things that are here:
a +3 glaive {polearm}; a +0 chain mail; an orc corpse 😱 HP[+1]
You see here 16 gold pieces. 😱 HP[+1] It was a potion of berserk rage.
You're still recovering from your berserk rage.
The sky beast flickers out of sight for a moment.
It was a potion of brilliance.
You feel clever all of a sudden. The troll bites you!
You die...

Skill      XL: |  1  2  3  4  5  6  7  8  9 |
---------------+----------------------------+-----
Long Blades    | 3 4 6 8 |  8.9
Throwing       | 1 2 4 5 |  5.0
Evocations     | 1 2 4 5 6 |  6.3
Fighting       | |  3.0
Armour         | |  1.7
Dodging        | |  1.7

Action                   |  1- 3 |  4- 6 |  7- 9 || total
-------------------------+-------+-------+-------++-------
Melee: Falchion          |    78 |    67 |       ||   145
       Touch             |     5 |    36 |    36 ||    77
       Short sword       |       |   137 |   194 ||   331
       Punch             |       |     1 |     1 ||     2
Throw: Stone             |    58 |    77 |     6 ||   141
Invok: Berserk           |     2 |     7 |     4 ||    13
       Trog's Hand       |       |       |     2 ||     2
  Use: Scroll            |       |     4 |       ||     4
       Potion            |       |       |     5 ||     5
 Stab: Sleeping          |       |     2 |     1 ||     3
       Distracted        |       |     1 |       ||     1
Armor: Animal skin       |    29 |    55 |       ||    84
       Robe              |       |       |    66 ||    66
Dodge: Dodged            |    45 |   140 |   210 ||   395

Levels and vault maps discovered:
D:1:      matt_arrival_spirals, layout_loops_ring, shapermc_ecumenical_altar_gd
D:2:      layout_loops_ring
D:3:      layout_basic, minmay_pentomino_pile
D:4:      layout_basic, enter_ossuary_2, kennysheep_generic_room_16
D:5:      layout_loops_ring, kennysheep_slug_shrine, kennysheep_big_empty_room,
          uniq_pikel
D:6:      layout_rooms, mainiacjoe_overflow_chevrons, serial_shops,
          nicolae_shop_temple_entry_statues_fountains,
          amcnicky_mini_corridor_feature
D:7:      cheibrodos_barr_body, layout_loops_ring, nicolae_uskayaw_suspiria,
          beargit_hepliaklqana_dungeon_heroes, minmay_temple_entry_nine_rooms

Notes
Turn   | Place    | Note
-------+----------+-------------------------------------------
     0 | D:1      | spaghetti the Demonspawn Berserker began the quest for the
                  | Orb.
     0 | D:1      | Reached XP level 1. HP: 18/18 MP: 1/1
     0 | D:1      | magus.rc [v1.9.6]
   145 | D:1      | Reached skill level 3 in Long Blades
   318 | D:1      | Gained mutation: You regenerate a little health from kills.
                  | [demonic ancestry]
   318 | D:1      | Reached XP level 2. HP: 21/24 MP: 2/2
   341 | D:1      | Reached skill level 1 in Throwing
   595 | D:1      | Reached ** piety under Trog
   809 | D:1      | Gained mutation: Your touch may inflict minor irresistible
                  | damage on your foes. [demonic ancestry]
   809 | D:1      | Reached XP level 3. HP: 29/29 MP: 3/3
   849 | D:1      | Found a faded altar of an unknown god.
  1229 | D:2      | Reached skill level 1 in Evocations
  1291 | D:2      | Reached skill level 2 in Throwing
  1291 | D:2      | Reached XP level 4. HP: 30/35 MP: 4/4
  1386 | D:2      | HP: 8/35 [poisoned by an adder]
  2508 | D:3      | Reached skill level 4 in Long Blades
  2708 | D:3      | Reached XP level 5. HP: 37/41 MP: 3/5
  2811 | D:3      | Identified the +1 short sword "Kaixkai" {vorpal, rPois rC+
                  | Int-3 Dex+5}
  2914 | D:3      | Reached skill level 2 in Evocations
  3581 | D:4      | Reached XP level 6. HP: 47/47 MP: 4/6
  4062 | D:4      | Reached skill level 3 in Throwing
  4065 | D:4      | Identified the ring "Bicheg" {Str+4 Dex+6 SInv}
  4270 | D:4      | You add the spells Blink, Manifold Assault and Storm Form
                  | to your library.
  4429 | D:4      | Reached skill level 5 in Long Blades
  4802 | D:5      | Entered Level 5 of the Dungeon
  4847 | D:5      | Reached skill level 3 in Evocations
  4925 | D:5      | Identified the +2 pair of gloves of Fun and Games {rN+}
  5096 | D:5      | Identified a +2 robe of the Archmagi
  5096 | D:5      | Noticed Pikel
  5110 | D:5      | Killed Pikel
  5111 | D:5      | Reached skill level 6 in Long Blades
  5111 | D:5      | Reached skill level 4 in Throwing
  5111 | D:5      | Reached skill level 4 in Evocations
  5111 | D:5      | Gained mutation: You regenerate health from kills. [demonic
                  | ancestry]
  5111 | D:5      | Reached XP level 7. HP: 46/52 MP: 4/7
  5248 | D:5      | Noticed a yak
  5248 | D:5      | Noticed a yak
  5248 | D:5      | Noticed a yak
  5248 | D:5      | Noticed a yak
  5248 | D:5      | Noticed a yak
  5256 | D:6      | Found Hyminorch's Book Shoppe.
  5305 | D:6      | Gained mutation: You regenerate a lot of health from kills.
                  | [demonic ancestry]
  5305 | D:6      | Reached XP level 8. HP: 58/58 MP: 6/8
  5339 | D:6      | Found a bloodstained altar of Trog.
  5431 | D:6      | Reached skill level 7 in Long Blades
  5564 | D:6      | You pick up a book of Minor Magic {forbidden} and begin
                  | reading...
  5564 | D:6      | You add the spells Magic Dart, Call Imp and Mephitic Cloud
                  | to your library.
  5890 | D:6      | Reached skill level 5 in Evocations
  5903 | D:6      | Reached skill level 5 in Throwing
  6025 | D:7      | Reached *** piety under Trog
  6026 | D:7      | Reached skill level 8 in Long Blades
  6367 | D:7      | Reached XP level 9. HP: 63/63 MP: 9/9
  6438 | D:7      | Found a hide-covered altar of Uskayaw.
  6518 | D:7      | Found a staircase to the Ecumenical Temple.
  6625 | D:7      | Noticed a troll
  6627 | D:7      | Reached skill level 6 in Evocations
  6669 | D:7      | HP: 9/63 [troll (14)]
  6670 | D:7      | HP: 2/63 [troll (6)]
  6676 | D:7      | Slain by a troll

Vanquished Creatures
  Pikel (D:5)
  A steam dragon (D:7)
  A water moccasin (D:6)
  An orc warrior (D:7)
  3 sky beasts
  2 black bears (D:6)
  A phantom (D:7)
  A lemure (D:5)
  A kobold brigand (D:4)
  A bullfrog (D:6)
  2 necrophages
  2 scorpions (D:6)
  5 killer bees (D:7)
  A howler monkey (D:7)
  3 hounds
  A jelly (D:4)
  An orc priest (D:4)
  2 iguanas
  5 orc wizards (D:6)
  4 gnolls
  13 adders
  A shadow imp (D:6)
  A white imp (D:7)
  An ufetubus (D:5)
  A worm (D:3)
  14 orcs
  10 endoplasms
  A giant cockroach (D:1)
  7 goblins
  4 hobgoblins
  12 jackals
  11 kobolds
  8 quokkas
  14 ball pythons
  4 bats
  4 frilled lizards
  3 rats (D:1)
148 creatures vanquished.

Vanquished Creatures (others)
  3 demonic plants (D:1)
  16 fungi
  6 plants
  3 withered plants (D:1)
28 creatures vanquished.

Grand Total: 176 creatures vanquished

Table legend:
 A = Non-vault XP
 B = Vault XP
 C = Vault XP percentage of total XP
 D = Non-vault monster count
 E = Vault monster count
 F = Vault count percentage of total count
                 A         B        C        D         E       F
            +---------+---------+-------+---------+---------+-------
      Total |    2333 |    1274 |  35.3 |     135 |      12 |   8.2
            +---------+---------+-------+---------+---------+-------
        D:1 |      48 |       0 |   0.0 |      30 |       0 |   0.0
        D:2 |     114 |       0 |   0.0 |      19 |       0 |   0.0
        D:3 |     102 |      11 |   9.7 |      24 |       4 |  14.3
        D:4 |     248 |      44 |  15.1 |      27 |       2 |   6.9
        D:5 |     133 |     641 |  82.8 |       4 |       1 |  20.0
        D:6 |    1164 |       0 |   0.0 |      22 |       0 |   0.0
        D:7 |     524 |     578 |  52.5 |       9 |       5 |  35.7
            +---------+---------+-------+---------+---------+-------

Illustrated notes

Table legend:
 A = Kills in this place as a percentage of kills in entire the game.
 B = Kills by you in this place as a percentage of kills by you in the entire game.
 C = Kills by friends in this place as a percentage of kills by friends in the entire game.
 D = Other kills in this place as a percentage of other kills in the entire game.
 E = Experience gained in this place as a percentage of experience gained in the entire game.
 F = Experience gained in this place divided by the number of levels of this place that you have seen.
                   A       B       C       D       E      F
               +-------+-------+-------+-------+-------+----------------------
         Total | 100.0 | 100.0 |   N/A |   N/A | 100.0 | 515.3
       Dungeon | 100.0 | 100.0 |   N/A |   N/A | 100.0 | 515.3
               +-------+-------+-------+-------+-------+----------------------

Table legend: (Time is in decaauts)
 A = Elapsed time spent in this place.
 B = Non-inter-level travel time spent in this place.
 C = Inter-level travel time spent in this place.
 D = Time resting spent in this place.
 E = Time spent auto-exploring this place.
 F = Levels seen in this place.
 G = Mean time per level.
                   A        B        C        D        E       F      G
               +--------+--------+--------+--------+--------+-----+--------+
         Total |   6785 |   6524 |    261 |    846 |   4606 |   7 |  969.3 |
       Dungeon |   6785 |   6524 |    261 |    846 |   4606 |   7 |  969.3 |
               +--------+--------+--------+--------+--------+-----+--------+

Top non-repeatable levels by time:
     D:4: 1406 daAuts
     D:2: 1239 daAuts
     D:3: 1124 daAuts
     D:1: 1118 daAuts
     D:6: 772 daAuts
     D:7: 652 daAuts
     D:5: 471 daAuts
